[ AOE2 MATCH · #505997040 ]
UnrankedBerbers vs Goths
Player's team · LOSS
Rival team · WIN
[ REPLAY ANALYSIS · EXTRACTED FROM THE RECORDED GAME ]
Feudal
10:11
Castle
—
Imperial
—
| APM avg | 37.3 |
| APM peak | 52 |
| eAPM avg | 16.3 |
| Villagers / military | 38 / 40 |
Focus
⚔️ 32.8% · 🌾 67.2%
Skirmisher ×23 · Militia ×15 · Archer ×2
Feudal
10:57
Castle
26:20
Imperial
—
| APM avg | 55.2 |
| APM peak | 80 |
| eAPM avg | 24.1 |
| Villagers / military | 46 / 49 |
Focus
⚔️ 48.4% · 🌾 51.6%
Archer ×21 · Militia ×20 · Skirmisher ×8
Match map
Initial resources + every placement click. Lines = walls · curves = elevation contours. ◆ gold · ⬟ stone · ● berries · ✦ relic · ◌ wall gap
Your base· Open — 5t gap
[CL]iLoveWeed's base· Open — 8t gap
Smoothed initial terrain · ◌ = detected wall gap · hover for details
Inputs per minute
— Astaroth - - [CL]iLoveWeed
Build order — Astaroth
138 actions detected in the replay
| 0:02 | Queue | Villager (Male) |
| 0:03 | Queue | Villager (Male) |
| 0:04 | Build | House |
| 0:05 | Build | House |
| 0:26 | Queue | Villager (Male) |
| 0:48 | Queue | Villager (Male) |
| 1:38 | Queue | Villager (Male) |
| 1:44 | Build | Lumber Camp |
| 1:58 | Queue | Villager (Male) |
| 2:17 | Queue | Villager (Male) |
| 2:53 | Queue | Villager (Male) |
| 3:21 | Queue | Villager (Male) |
| 3:35 | Build | House |
| 3:42 | Queue | Villager (Male) |
| 4:09 | Build | Mill |
| 4:12 | Queue | Villager (Male) |
| 4:34 | Queue | Villager (Male) |
| 4:56 | Queue | Villager (Male) |
| 5:16 | Queue | Villager (Male) |
| 5:54 | Queue | Villager (Male) |
| 6:14 | Queue | Villager (Male) |
| 6:15 | Build | House |
| 6:37 | Build | Barracks |
| 6:41 | Queue | Villager (Male) |
| 7:06 | Research | Loom |
| 8:01 | Research | Feudal Age |
| 8:25 | Queue | Militia |
| 8:26 | Queue | Villager (Male) |
| 8:35 | Build | Mining Camp |
| 8:57 | Queue | Militia |
| 9:41 | Queue | Villager (Male) |
| 10:11 | Age | Feudal Age |
| 10:15 | Queue | Villager (Male) |
| 10:26 | Build | Palisade Wall |
| 10:28 | Build | Palisade Wall |
| 10:37 | Build | Palisade Wall |
| 10:40 | Build | Palisade Wall |
| 10:43 | Build | Palisade Wall |
| 10:45 | Build | Palisade Wall |
| 10:57 | Build | Palisade Wall |
| 11:00 | Research | Man-at-Arms (upgrade) |
| 11:01 | Queue | Villager (Male) |
| 11:07 | Build | Palisade Wall |
| 11:09 | Build | House |
| 11:16 | Build | Palisade Wall |
| 11:20 | Build | Palisade Wall |
| 11:21 | Build | Palisade Wall |
| 11:37 | Queue | Militia |
| 11:41 | Queue | Villager (Male) |
| 11:46 | Build | Palisade Wall |
| 11:51 | Queue | Militia |
| 12:01 | Build | Palisade Wall |
| 12:09 | Build | House |
| 12:12 | Build | Palisade Wall |
| 12:14 | Build | Palisade Wall |
| 12:17 | Queue | Militia |
| 12:26 | Build | Palisade Wall |
| 12:28 | Queue | Militia |
| 12:43 | Build | Farm |
| 12:45 | Queue | Militia |
| 13:00 | Queue | Villager (Male) |
| 13:07 | Build | House |
| 13:28 | Build | Archery Range |
| 13:31 | Queue | Militia |
| 13:44 | Build | Farm |
| 14:04 | Build | Farm |
| 14:10 | Build | House |
| 14:15 | Queue | Militia |
| 14:26 | Queue | Archer |
| 14:35 | Build | House |
| 14:45 | Queue | Archer |
| 15:02 | Build | Farm |
| 15:03 | Build | Farm |
| 15:04 | Build | Farm |
| 15:14 | Build | Farm |
| 15:20 | Build | Blacksmith |
| 15:24 | Queue | Villager (Male) |
| 15:43 | Queue | Skirmisher |
| 15:50 | Build | House |
| 16:09 | Build | House |
| 16:20 | Build | House |
| 16:24 | Queue | Skirmisher |
| 16:42 | Build | Farm |
| 16:52 | Queue | Villager (Male) |
| 17:02 | Build | Farm |
| 17:03 | Build | Farm |
| 17:06 | Build | Farm |
| 17:09 | Queue | Skirmisher |
| 17:21 | Build | Farm |
| 17:33 | Queue | Villager (Male) |
| 17:55 | Queue | Skirmisher |
| 18:03 | Build | Farm |
| 18:41 | Queue | Villager (Male) |
| 18:43 | Build | Farm |
| 18:55 | Build | Barracks |
| 19:01 | Queue | Skirmisher |
| 19:10 | Queue | Villager (Male) |
| 19:13 | Build | Mining Camp |
| 19:20 | Queue | Skirmisher |
| 19:45 | Queue | Villager (Male) |
| 20:02 | Build | House |
| 20:02 | Build | House |
| 20:29 | Queue | Militia |
| 20:59 | Queue | Skirmisher |
| 21:12 | Queue | Militia |
| 21:14 | Queue | Skirmisher |
| 21:18 | Research | Fletching |
| 21:29 | Queue | Skirmisher |
| 21:33 | Build | Palisade Wall |
| 21:46 | Queue | Militia |
| 21:46 | Queue | Skirmisher |
| 22:07 | Queue | Villager (Male) |
| 22:08 | Queue | Skirmisher |
| 22:25 | Queue | Villager (Male) |
| 22:27 | Queue | Skirmisher |
| 22:29 | Queue | Militia |
| 22:52 | Queue | Villager (Male) |
| 22:56 | Queue | Skirmisher |
| 23:08 | Queue | Militia |
| 23:09 | Queue | Skirmisher |
| 23:11 | Queue | Villager (Male) |
| 23:13 | Build | Archery Range |
| 23:17 | Queue | Militia |
| 23:19 | Queue | Skirmisher |
| 23:24 | Build | Watch Tower |
| 23:31 | Queue | Skirmisher |
| 23:53 | Queue | Skirmisher |
| 23:54 | Queue | Villager (Male) |
| 24:18 | Queue | Villager (Male) |
| 24:23 | Queue | Skirmisher |
| 24:45 | Queue | Skirmisher |
| 24:46 | Queue | Skirmisher |
| 24:47 | Queue | Villager (Male) |
| 25:14 | Queue | Skirmisher |
| 25:31 | Queue | Skirmisher |
| 25:40 | Queue | Skirmisher |
| 26:02 | Queue | Villager (Male) |
| 26:06 | Queue | Villager (Male) |
Build order — [CL]iLoveWeed
149 actions detected in the replay
| 0:01 | Queue | Villager (Male) ×4 |
| 0:02 | Build | House |
| 0:14 | Build | House |
| 1:33 | Queue | Villager (Male) |
| 1:33 | Queue | Villager (Male) |
| 2:04 | Queue | Villager (Male) |
| 2:04 | Queue | Villager (Male) |
| 2:31 | Queue | Villager (Male) |
| 2:32 | Queue | Villager (Male) |
| 2:32 | Queue | Villager (Male) |
| 2:55 | Queue | Villager (Male) |
| 2:56 | Queue | Villager (Male) |
| 3:23 | Build | Barracks |
| 3:31 | Queue | Villager (Male) |
| 3:35 | Queue | Villager (Male) |
| 3:37 | Build | House |
| 4:15 | Queue | Villager (Male) |
| 4:15 | Queue | Villager (Male) |
| 4:26 | Queue | Militia |
| 4:26 | Queue | Militia |
| 4:27 | Queue | Militia |
| 4:58 | Queue | Villager (Male) |
| 5:22 | Build | House |
| 5:37 | Queue | Militia |
| 5:48 | Build | Mining Camp |
| 5:54 | Queue | Militia |
| 6:17 | Queue | Villager (Male) |
| 6:38 | Queue | Militia |
| 6:43 | Queue | Militia |
| 6:46 | Build | House |
| 6:48 | Queue | Militia |
| 6:49 | Queue | Villager (Male) |
| 7:14 | Queue | Militia |
| 7:19 | Queue | Villager (Male) |
| 7:31 | Queue | Militia |
| 7:33 | Queue | Villager (Male) |
| 8:36 | Queue | Villager (Male) |
| 8:40 | Build | Lumber Camp |
| 8:46 | Research | Loom |
| 8:46 | Research | Feudal Age |
| 9:27 | Queue | Militia |
| 9:42 | Queue | Militia |
| 10:12 | Build | House |
| 10:15 | Queue | Villager (Male) |
| 10:34 | Queue | Militia |
| 10:57 | Age | Feudal Age |
| 11:07 | Queue | Villager (Male) |
| 11:19 | Build | Mill |
| 11:29 | Queue | Villager (Male) |
| 11:46 | Research | Man-at-Arms (upgrade) |
| 11:46 | Research | Man-at-Arms (upgrade) |
| 12:09 | Build | Archery Range |
| 12:20 | Build | Watch Tower |
| 12:45 | Build | Archery Range |
| 12:47 | Queue | Villager (Male) |
| 13:10 | Queue | Archer |
| 13:14 | Build | Farm |
| 13:20 | Queue | Archer |
| 13:40 | Queue | Militia |
| 13:45 | Queue | Archer |
| 13:45 | Queue | Archer |
| 13:53 | Queue | Villager (Male) |
| 13:54 | Queue | Archer |
| 14:00 | Build | House |
| 14:00 | Queue | Archer |
| 14:05 | Build | Farm |
| 14:39 | Queue | Archer |
| 14:39 | Queue | Archer |
| 14:40 | Queue | Villager (Male) |
| 15:01 | Build | House |
| 15:22 | Queue | Militia |
| 15:24 | Build | Farm |
| 15:24 | Queue | Villager (Male) |
| 15:24 | Queue | Villager (Male) |
| 15:40 | Build | House |
| 16:05 | Build | House |
| 16:08 | Build | House |
| 16:15 | Research | Double-Bit Axe |
| 16:57 | Build | House |
| 17:04 | Build | Mill |
| 17:18 | Queue | Villager (Male) |
| 17:18 | Queue | Villager (Male) |
| 17:18 | Queue | Villager (Male) |
| 17:40 | Queue | Archer |
| 17:43 | Queue | Villager (Male) |
| 17:43 | Queue | Villager (Male) |
| 17:47 | Build | Farm |
| 18:11 | Queue | Villager (Male) |
| 18:28 | Build | Blacksmith |
| 18:30 | Queue | Villager (Male) |
| 18:37 | Build | Farm |
| 18:57 | Queue | Villager (Male) |
| 19:00 | Queue | Militia |
| 19:11 | Queue | Archer |
| 19:11 | Queue | Villager (Male) |
| 19:16 | Build | Outpost |
| 19:19 | Build | Outpost |
| 19:19 | Queue | Villager (Male) |
| 19:29 | Research | Fletching |
| 19:36 | Queue | Skirmisher |
| 19:37 | Queue | Skirmisher |
| 19:37 | Queue | Archer |
| 19:46 | Queue | Archer |
| 19:47 | Queue | Archer |
| 19:54 | Build | Farm |
| 20:02 | Queue | Archer |
| 20:02 | Queue | Archer |
| 20:11 | Queue | Villager (Male) |
| 20:20 | Research | Padded Archer Armor |
| 20:24 | Queue | Archer |
| 20:24 | Queue | Archer |
| 21:04 | Queue | Archer |
| 21:04 | Queue | Archer |
| 21:13 | Queue | Villager (Male) |
| 21:17 | Build | House |
| 21:35 | Queue | Archer |
| 21:35 | Queue | Archer |
| 21:56 | Queue | Skirmisher |
| 21:56 | Queue | Skirmisher |
| 21:57 | Queue | Villager (Male) |
| 21:58 | Queue | Villager (Male) |
| 22:01 | Build | Farm |
| 22:01 | Build | Farm |
| 22:01 | Build | Farm |
| 22:06 | Build | House |
| 22:07 | Build | House |
| 22:42 | Build | House |
| 22:54 | Build | Farm |
| 22:54 | Build | Farm |
| 22:54 | Build | Farm |
| 23:01 | Queue | Militia |
| 23:06 | Queue | Villager (Male) |
| 23:40 | Research | Castle Age |
| 23:42 | Build | House |
| 23:44 | Build | House |
| 23:50 | Queue | Militia |
| 23:54 | Build | Farm |
| 24:19 | Build | Farm |
| 24:24 | Build | Mining Camp |
| 24:30 | Queue | Skirmisher |
| 24:30 | Queue | Skirmisher |
| 24:59 | Build | House |
| 25:03 | Build | Outpost |
| 25:19 | Queue | Militia |
| 25:19 | Queue | Militia |
| 25:26 | Build | Lumber Camp |
| 25:34 | Queue | Skirmisher |
| 25:34 | Queue | Skirmisher |
| 26:20 | Age | Castle Age |
Match timeline
| 3:23 | [CL]iLoveWeed · first_building Barracks |
| 6:37 | Astaroth · first_building Barracks |
| 10:11 | Astaroth · age_up feudal |
| 10:26 | Astaroth · wall_segment Palisade Wall x1 |
| 10:28 | Astaroth · wall_segment Palisade Wall x1 |
| 10:37 | Astaroth · wall_segment Palisade Wall x1 |
| 10:40 | Astaroth · wall_segment Palisade Wall x1 |
| 10:43 | Astaroth · wall_segment Palisade Wall x1 |
| 10:45 | Astaroth · wall_segment Palisade Wall x1 |
| 10:57 | Astaroth · wall_segment Palisade Wall x1 |
| 10:57 | [CL]iLoveWeed · age_up feudal |
| 11:07 | Astaroth · wall_segment Palisade Wall x1 |
| 11:16 | Astaroth · wall_segment Palisade Wall x1 |
| 11:20 | Astaroth · wall_segment Palisade Wall x1 |
| 11:21 | Astaroth · wall_segment Palisade Wall x1 |
| 11:46 | Astaroth · wall_segment Palisade Wall x1 |
| 12:01 | Astaroth · wall_segment Palisade Wall x1 |
| 12:09 | [CL]iLoveWeed · first_building Archery Range |
| 12:12 | Astaroth · wall_segment Palisade Wall x1 |
| 12:14 | Astaroth · wall_segment Palisade Wall x1 |
| 12:26 | Astaroth · wall_segment Palisade Wall x1 |
| 13:28 | Astaroth · first_building Archery Range |
| 21:33 | Astaroth · wall_segment Palisade Wall x1 |
| 26:20 | [CL]iLoveWeed · age_up castle |
| 26:24 | Astaroth · resign |
[ AI ANALYSIS · 1 CREDIT ]
What really happened in this match?
Wolo.gg analyzes every decision: build order, eco, micro, common mistakes by bracket. Personalized analysis on WhatsApp or Discord in 30 seconds.
Civ guide
Berbers
Perfil
Jugador #2516523